[Event "Hector S Nazzari Memorial 2019"]
[Site "Montevideo"]
[Date "2019.10.16"]
[Round "3.14"]
[White "Soto, Nicolas"]
[Black "Genta, Alejandro"]
[Result "0-1"]
[ECO "B40"]
[WhiteElo "2013"]
[BlackElo "2036"]
[Annotator "NA RC"]
[PlyCount "78"]
[EventDate "2019.10.14"]
[EventType "swiss"]
[EventCountry "URU"]
[SourceTitle "playchess.com"]
[Source "ChessBase"]
[SourceQuality "1"]
[TimeControl "5400+30"]

1. e4 c5 2. Nf3 e6 3. b3 Nf6 4. e5 Nd5 5. g3 Be7 6. Bb2 Nc6 7. Bg2 f6 8. O-O O-O 9. c4 {[%emt 0:01:01] B40: Sicilian: 2...e6, Unusual lines} Ndb4 (9... Nc7 10. d4 cxd4 11. Nxd4 Nxe5 12. Nc3 Nc6 13. Re1 a6 14. Qd2 Bc5 15. Na4 Ba7 16. Rad1 Qe8 {1-0 (32) Onischuk,V (2594)-Milov,V (2622) Dubai 2014}) 10. d4 cxd4 11. a3 Na6 12. Nxd4 $146 ({Predecessor:} 12. exf6 Bxf6 13. b4 Qb6 14. Nbd2 Nc5 15. Rb1 Nd3 16. Ba1 Nce5 17. Nxe5 Nxe5 {½-½ (42) Kobs,S (1986)-Klauke,S (2125) Vellmar 2013}) 12... Nxe5 13. Nb5 Nf7 14. Bd4 Bc5 15. b4 Bxd4 16. Qxd4 d5 17. cxd5 e5 18. Qe3 Nc7 19. N1c3 Nxb5 20. Nxb5 Bd7 21. Nc3 Nd6 22. Ne4 Nf5 23. Qd3 Nd4 24. a4 Bf5 25. Rfd1 (25. f4 $11 {remains equal.}) 25... Rc8 26. Ra2 ({White should try} 26. Rdc1 $15) 26... Rf7 (26... Kh8 $17 27. d6 Bxe4 28. Qxe4 Qxd6) 27. Qd2 {[%emt 0:02:13] [#]} (27. f4 $15) 27... Bg4 $1 28. Re1 Bf3 29. d6 Bxe4 30. Rxe4 Qxd6 31. f4 Rfc7 32. Re1 Rd8 33. Qf2 Qxb4 34. fxe5 fxe5 35. Rxe5 $2 (35. a5) 35... Rc1+ 36. Bf1 Rf8 37. Qxf8+ Qxf8 38. Rf2 Nf3+ 39. Kg2 $19 Nxe5 0-1

[Event "Hector S Nazzari Memorial 2019"]
[Site "Montevideo"]
[Date "2019.10.17"]
[Round "4.12"]
[White "Genta, Alejandro"]
[Black "Belistri, Ubaldo"]
[Result "1/2-1/2"]
[ECO "A06"]
[WhiteElo "2036"]
[BlackElo "1853"]
[Annotator "NA RC"]
[PlyCount "52"]
[EventDate "2019.10.14"]
[EventType "swiss"]
[EventCountry "URU"]
[SourceTitle "playchess.com"]
[Source "ChessBase"]
[SourceQuality "1"]
[TimeControl "5400+30"]

1. Nf3 d5 2. b3 Nf6 3. Bb2 e6 4. e3 c5 5. d4 Nc6 6. Nbd2 cxd4 7. exd4 Be7 {[%emt 0:04:04] D05: Colle System with ...e6} (7... g6 8. Bb5 Bg7 9. O-O O-O 10. Re1 Qb6 11. a4 Bd7 12. c4 a6 13. Bxc6 Bxc6 14. c5 Qc7 15. b4 {½-½ (63) Kramnik,V (2811)-Nakamura,H (2793) Zuerich 2017}) 8. Bd3 O-O 9. O-O Bd7 10. a3 a6 11. Ne5 Nxe5 12. dxe5 Ne8 13. Qe2 $146 ({Predecessor:} 13. f4 Bb5 14. c4 Bc6 15. Kh1 dxc4 16. Nxc4 {1-0 (40) Berdiugina,E-Stepunina,E Lvov 1999}) 13... f5 14. f4 g6 15. Kh1 Rc8 16. Bd4 Bb5 (16... h6 $14) 17. Bxb5 axb5 18. c3 Qd7 19. a4 b4 20. cxb4 Bxb4 21. Rfc1 Nc7 22. Nf3 Na6 23. Qe3 Rxc1+ 24. Rxc1 Rc8 25. h4 $11 h5 26. Ng5 Be7 1/2-1/2

[Event "Hector S Nazzari Memorial 2019"]
[Site "Montevideo"]
[Date "2019.10.17"]
[Round "4.13"]
[White "Gomez Troccoli, Martin"]
[Black "Saralegui, Mario"]
[Result "1-0"]
[ECO "C58"]
[WhiteElo "1961"]
[BlackElo "2059"]
[Annotator "NA RC"]
[PlyCount "80"]
[EventDate "2019.10.14"]
[EventType "swiss"]
[EventCountry "URU"]
[SourceTitle "playchess.com"]
[Source "ChessBase"]
[SourceQuality "1"]
[TimeControl "5400+30"]

1. e4 e5 2. Nf3 Nc6 3. Bc4 Nf6 4. Ng5 d5 5. exd5 Na5 6. Bb5+ c6 7. dxc6 bxc6 8. Qf3 Qc7 9. Bd3 Be7 10. Nc3 h6 11. Nge4 Nd5 12. Ng3 Nf4 13. Be4 O-O 14. Nf5 Bf6 15. g3 Ne6 $2 {[%emt 0:01:58] [#]} (15... Bxf5 $16 16. Bxf5 Nd5) 16. Nxh6+ $1 {[%emt 0:02:49] Clearance} Kh8 (16... gxh6 $142 17. Qxf6 Qd8 18. Qxh6 f5 19. Qg6+ Ng7) 17. Qh5 Ng5 18. Nxf7+ {[%emt 0:00:17] Double Attack, Discovered Attack (Double check)} Kg8 19. Nxg5 Bxg5 20. Qh7+ Kf7 21. Qg6+ Kg8 22. Qxg5 Qf7 23. O-O Bh3 24. Bg2 Bxg2 25. Kxg2 Qf3+ 26. Kg1 Rf5 27. Qe3 Qh5 28. Ne4 Raf8 29. d3 Nb7 30. Bd2 Nd8 31. Bb4 R8f7 32. Nd6 Rf3 33. Qe4 R7f6 34. Rae1 R3f4 35. Qxe5 Qh3 36. Ne4 R6f5 37. Qe8+ Kh7 38. Qxd8 Rg4 39. f4 Rh5 40. Rf2 Rg6 1-0

[Event "Hector S Nazzari Memorial 2019"]
[Site "Montevideo"]
[Date "2019.10.18"]
[Round "5.9"]
[White "Tregarthen, Emiliano"]
[Black "Genta, Alejandro"]
[Result "1-0"]
[ECO "B42"]
[WhiteElo "2039"]
[BlackElo "2036"]
[Annotator "NA RC"]
[PlyCount "63"]
[EventDate "2019.10.14"]
[EventType "swiss"]
[EventCountry "URU"]
[SourceTitle "playchess.com"]
[Source "ChessBase"]
[SourceQuality "1"]
[TimeControl "5400+30"]

1. e4 c5 2. Nf3 e6 3. d4 cxd4 4. Nxd4 a6 5. Bd3 Qc7 6. O-O Bc5 7. Nb3 {[%emt 0:00:45] B42: Sicilian: Kan Variation: 5 Bd3} Be7 8. Qg4 g6 9. Nc3 (9. a4 d6 10. a5 Nf6 11. Qe2 Nc6 12. Bh6 Bf8 13. Be3 Bg7 14. Nc3 O-O {1-0 (53) Robson,R (2675)-Ramirez Alvarez,A (2555) chess.com INT 2017}) 9... Nf6 10. Qe2 Nc6 $146 ({Predecessor:} 10... d6 11. f4 Nbd7 12. Bd2 b5 13. Rae1 Bb7 14. e5 Nh5 15. Be4 d5 {0-1 (33) Travkina,A (2221)-Sukhareva,E (2207) Sochi 2017}) 11. a4 O-O 12. Bh6 Re8 13. f4 d5 14. Rae1 (14. e5 $11 Nd7 15. Kh1) 14... dxe4 15. Nxe4 Bd7 16. Kh1 Nb4 17. Nbc5 Bc6 (17... Nxe4 $17 18. Nxd7 Nxd3 19. cxd3 {[#]} (19. Qxd3 Nd6 $17) 19... Ng3+ $1 20. hxg3 Qxd7) 18. Bc4 Nbd5 19. Bg5 Kg7 ({Black should try} 19... Nxe4 $15 20. Nxe4 f5 21. Bxe7 Qxe7) 20. Nxf6 (20. Bxd5 $11 {keeps the balance.} Nxd5 21. c4) 20... Bxf6 ({Black should play} 20... Nxf6 $17 21. b4 Bxc5 22. bxc5 Ne4) 21. Ne4 Bxg5 (21... Bd8 $11) 22. fxg5 Nf4 23. Qf3 e5 {[%emt 0:01:54] [#]} 24. g3 $11 (24. Qc3 $1 $16 Bxe4 25. Rxe4) 24... Bd5 (24... Ne6 $11 {keeps the balance.}) 25. Bxd5 Nxd5 26. c4 Nb4 27. Qf6+ Kg8 28. Nd6 Rf8 29. Rxe5 Nd3 30. Re7 Qc6+ 31. Kg1 Qc5+ 32. Kg2 1-0

[Event "Hector S Nazzari Memorial 2019"]
[Site "Montevideo"]
[Date "2019.10.18"]
[Round "5.10"]
[White "Bustelo, Tabare"]
[Black "Durante, Aurelio"]
[Result "1-0"]
[ECO "D01"]
[WhiteElo "2054"]
[BlackElo "1978"]
[Annotator "NA RC"]
[PlyCount "121"]
[EventDate "2019.10.14"]
[EventType "swiss"]
[EventCountry "URU"]
[SourceTitle "playchess.com"]
[Source "ChessBase"]
[SourceQuality "1"]
[TimeControl "5400+30"]

1. Nc3 d5 2. d4 Nf6 3. Bg5 Bf5 4. Nf3 c6 5. g3 (5. e3 Nbd7 6. Bd3 Bxd3 7. cxd3 h6 8. Bh4 e6 9. O-O g5 10. Bg3 Nh5 11. Be5 f6 12. Nd2 {0-1 (30) Saptarshi,R (2425)-Svetushkin,D (2574) Karlsruhe 2017}) 5... Nbd7 6. Bg2 {[%emt 0:00:07] D01: Veresov Opening} h6 7. Bf4 Ne4 8. Nxe4 $146 ({Predecessor:} 8. Nd2 Nxc3 9. bxc3 g5 10. Be3 Nb6 11. h4 gxh4 12. Rxh4 {½-½ (50) Hadlich,W (1851)-Rakhmanov,V (1701) Pinneberg 2004}) 8... Bxe4 9. O-O Rc8 10. c3 Qb6 11. Qd2 g5 12. Be3 Qc7 13. Ne1 Bf5 14. Nd3 Bg7 15. Rae1 O-O 16. f3 Bg6 17. f4 f6 18. Bh3 Bf7 19. Rf2 (19. Bf2 $16) 19... Rce8 20. Ref1 e6 21. Ne1 c5 (21... Bg6 $15) 22. Nf3 cxd4 23. cxd4 Nb6 (23... Bg6 $11 {keeps the balance.}) 24. b3 ({White has to play} 24. fxg5 $16 hxg5 {[#]} 25. Bxg5 $1 ) 24... Rc8 25. Qa5 $2 ({White must play} 25. fxg5 $18 hxg5 26. Bxg5) 25... Nd7 26. Qa3 Qb6 27. fxg5 hxg5 28. Bd2 Bh5 29. g4 Bg6 30. Bb4 Rfe8 31. e3 Rc6 32. Bg2 Rec8 33. h4 gxh4 34. Nxh4 Bd3 35. Rd1 Bh7 36. Rdf1 $2 (36. Ba5 $1 $14 {keeps the upper hand.} Qa6 37. Bf1) 36... Bd3 $2 {[%emt 0:05:56] [#]} ({Black should try} 36... Qc7 $19 37. Nf5 exf5 38. Bxd5+ Kh8 39. Bxc6 Qxc6) 37. Rd1 ({Better is} 37. Nf5 $1 $11 Bxf1 (37... exf5 38. Bxd5+) 38. Ne7+ {[%mdl 64] Double Attack} Kf7 39. Ba5) 37... Qb5 38. Bd2 (38. g5 $11) 38... Bf8 39. b4 Ra6 40. Qb2 Rc2 41. Qb3 Raxa2 42. Be1 Bc4 43. Qb1 {[%emt 0:01:47] [#]} Rab2 $1 44. Qa1 (44. Qxb2 $142 Rxb2 45. Rxb2) 44... Rxf2 45. Bxf2 Rxb4 46. Bf1 Bh6 47. Qa3 $2 (47. Re1) 47... Kf7 48. Qc3 Rb1 49. Rxb1 Qxb1 50. Be1 Qe4 51. Ng2 Qxg4 52. Bxc4 dxc4 53. Bf2 Bf8 54. Qxc4 Qd1+ 55. Be1 Qf3 56. Bf2 Qc6 57. Qe2 Qd5 58. Nf4 (58. e4 $142 Qg5 59. Qf3) 58... Bd6 $4 (58... Qg5+ $19 59. Ng2 Bd6) 59. Nxd5 $19 (59. Kf1 $4 ) 59... exd5 60. Qh5+ Ke7 61. Qxd5 1-0

[Event "Hector S Nazzari Memorial 2019"]
[Site "Montevideo"]
[Date "2019.10.18"]
[Round "5.13"]
[White "Belistri, Ubaldo"]
[Black "Ramos Correa, Gabriel"]
[Result "1/2-1/2"]
[ECO "E21"]
[WhiteElo "1853"]
[BlackElo "1889"]
[Annotator "NA RC"]
[PlyCount "48"]
[EventDate "2019.10.14"]
[EventType "swiss"]
[EventCountry "URU"]
[SourceTitle "playchess.com"]
[Source "ChessBase"]
[SourceQuality "1"]
[TimeControl "5400+30"]

1. d4 Nf6 2. c4 e6 3. Nf3 b6 4. Nc3 Bb7 5. Qc2 Bb4 6. a3 Bxc3+ 7. Qxc3 Ne4 8. Qc2 d6 9. g3 Nd7 10. Bg2 f5 (10... Nef6 $11) 11. O-O (11. Ng5 $5 Qe7 12. Nxe4 fxe4 13. Bxe4 Bxe4 14. Qxe4 $16) 11... O-O 12. Nd2 {[%emt 0:08:25] E32: Nimzo-Indian: Classical (4 Qc2): 4...0-0} (12. b4 Ndf6 13. Bb2 Qe7 14. Nd2 a5 15. Nxe4 Bxe4 16. Bxe4 Nxe4 17. Kg2 Qd7 18. f3 Nf6 19. Bc3 axb4 20. axb4 Rxa1 21. Rxa1 Rb8 22. Ra3 {½-½ (22) Seres,L (2457)-Varga,Z (2467) Budapest 2014}) 12... Nxd2 $146 ({Predecessor:} 12... Ndf6 13. Nxe4 Bxe4 14. Bxe4 Nxe4 15. f3 Nf6 16. Bf4 Nh5 17. Bd2 Nf6 18. Bf4 Qd7 19. Rad1 Nh5 {0-1 (67) Soler Ferrer,F (1734)-Ribon Calabia,M (1836) Barcelona 2013}) 13. Bxd2 Bxg2 14. Kxg2 Nf6 15. Rad1 Qe8 16. f3 Rd8 17. Bg5 Qh5 18. Bxf6 Rxf6 19. e3 ({Much worse is} 19. h4 f4 $17) 19... Rdf8 20. Rd2 g5 $14 21. Rdf2 Qe8 22. f4 Qc6+ 23. Kg1 g4 24. Re1 Qd7 1/2-1/2

[Event "Hector S Nazzari Memorial 2019"]
[Site "Montevideo"]
[Date "2019.10.19"]
[Round "6.3"]
[White "Carvalho, Guillermo"]
[Black "Vitoux, Colomban"]
[Result "0-1"]
[ECO "A04"]
[WhiteElo "2183"]
[BlackElo "2381"]
[Annotator "RC"]
[PlyCount "70"]
[EventDate "2019.10.14"]
[EventType "swiss"]
[EventCountry "URU"]
[SourceTitle "playchess.com"]
[Source "ChessBase"]
[SourceQuality "1"]
[TimeControl "5400+30"]

1. Nf3 c5 2. e3 Nf6 3. c4 g6 4. d4 Bg7 5. Be2 O-O 6. O-O cxd4 7. exd4 d5 8. Nc3 dxc4 9. Bxc4 b6 10. Re1 Bb7 11. d5 Nbd7 12. Qe2 Nc5 13. Rd1 Rc8 14. Bf4 Ne8 15. Nb5 Na4 16. Be5 Nxb2 17. Bxb2 Bxb2 18. Rab1 Bf6 19. Nxa7 Rc5 20. Nc6 Qc7 21. Nce5 Nd6 22. Bb3 Nb5 23. Nd3 Nc3 24. Qe1 Nxd1 25. Rxd1 Rc3 26. Nde5 Kg7 27. Nc6 Bxc6 28. dxc6 Rxc6 29. g3 Rd8 30. Rxd8 Qxd8 31. Ne5 Bxe5 32. Qxe5+ f6 33. Qe4 Qd6 34. Kg2 Rc5 35. h4 Qc6 0-1

[Event "Hector S Nazzari Memorial 2019"]
[Site "Montevideo"]
[Date "2019.10.19"]
[Round "6.5"]
[White "Dominguez, Facundo"]
[Black "Carbone, Diego"]
[Result "1/2-1/2"]
[ECO "B30"]
[WhiteElo "2130"]
[BlackElo "2233"]
[Annotator "RC"]
[PlyCount "42"]
[EventDate "2019.10.14"]
[EventType "swiss"]
[EventCountry "URU"]
[SourceTitle "playchess.com"]
[Source "ChessBase"]
[SourceQuality "1"]
[TimeControl "5400+30"]

1. e4 c5 2. Nf3 Nc6 3. b3 e5 4. Bb2 d6 5. Bb5 Nge7 6. O-O g6 7. c3 Bg7 8. d4 exd4 9. cxd4 O-O 10. Qd3 a6 11. Bxc6 Nxc6 12. Bc3 Bg4 13. Nbd2 cxd4 14. Nxd4 Nxd4 15. Bxd4 Be2 16. Qxe2 Bxd4 17. Rad1 b5 18. Nf3 Bc5 19. Rd5 Qb6 20. Qb2 Qa5 21. Qb1 Qb4 1/2-1/2

[Event "Hector S Nazzari Memorial 2019"]
[Site "Montevideo"]
[Date "2019.10.19"]
[Round "6.7"]
[White "Palacio, Enzo"]
[Black "El Ters, Antouan"]
[Result "0-1"]
[ECO "B32"]
[WhiteElo "1780"]
[BlackElo "2200"]
[Annotator "ChessBase"]
[PlyCount "122"]
[EventDate "2019.10.14"]
[EventType "swiss"]
[EventCountry "URU"]
[SourceTitle "playchess.com"]
[Source "ChessBase"]
[SourceQuality "1"]
[TimeControl "5400+30"]

1. e4 c5 2. Nf3 Nc6 3. d4 cxd4 4. Nxd4 e5 5. Nb5 a6 6. Nd6+ Bxd6 7. Qxd6 Qf6 8. Qd1 Qg6 9. Nc3 Nge7 10. Be3 d6 11. Qd2 f5 12. O-O-O Be6 13. f3 Rd8 14. Bb6 Rd7 15. Nd5 O-O 16. h4 h5 17. Bd3 Nxd5 18. exd5 Bxd5 19. Bxf5 Qxf5 20. Qxd5+ Kh8 21. a3 Rc8 22. Qe4 Qf7 23. Qd5 Qxd5 24. Rxd5 Ne7 25. Rd2 Rc6 26. Bf2 Rdc7 27. Kb1 Kg8 28. Rhd1 Kf7 29. Rxd6 Rxc2 30. R1d2 Rc1+ 31. Ka2 R1c2 32. Kb3 Rxd2 33. Rxd2 Ke6 34. Re2 Ng6 35. g3 Kf5 36. Re4 Rc1 37. Rb4 Rf1 38. g4+ Kf6 39. Rb6+ Kf7 40. Rxb7+ Kg8 41. gxh5 Nf4 42. Bc5 Rxf3+ 43. Kc2 Ne6 44. Bd6 Nd4+ 45. Kd2 e4 46. Re7 Rd3+ 47. Ke1 Nf3+ 48. Kf2 Rxd6 49. Rxe4 Nd4 50. b4 Rf6+ 51. Kg3 Nb5 52. Re3 Nd6 53. Kg4 Nc4 54. Rc3 Nb6 55. Rc5 Kh7 56. Ra5 Nc4 57. Ra4 Kh6 58. b5 axb5 59. Rb4 Nxa3 60. Rb3 Ra6 61. Rb4 Ra4 0-1

[Event "Hector S Nazzari Memorial 2019"]
[Site "Montevideo"]
[Date "2019.10.19"]
[Round "6.8"]
[White "Gomez Troccoli, Martin"]
[Black "Bustelo, Tabare"]
[Result "1-0"]
[ECO "B29"]
[WhiteElo "1961"]
[BlackElo "2054"]
[Annotator "NA RC"]
[PlyCount "91"]
[EventDate "2019.10.14"]
[EventType "swiss"]
[EventCountry "URU"]
[SourceTitle "playchess.com"]
[Source "ChessBase"]
[SourceQuality "1"]
[TimeControl "5400+30"]

1. e4 c5 2. Nf3 Nf6 3. Nc3 d5 4. e5 d4 5. exf6 dxc3 6. fxg7 cxd2+ 7. Qxd2 Qxd2+ 8. Bxd2 Bxg7 9. O-O-O Nc6 {[%emt 0:08:57] B02: Alekhine's Defence: Chase Variation and lines with early Nc3} (9... O-O 10. Bg5 Nc6 11. Bb5 Rb8 12. Bf4 e5 13. Bxc6 exf4 14. Bd7 b5 15. Bxc8 Rbxc8 16. c3 a5 17. Kc2 a4 {0-1 (30) Von Herman,U (2400)-Richter,M (2439) Berlin 2003}) 10. Bd3 $146 ({Predecessor:} 10. Be3 b6 11. Bb5 Bb7 12. Bg5 a6 13. Bc4 Nd4 14. Nxd4 cxd4 15. Rhe1 e6 16. Bxe6 fxe6 17. Rxe6+ {0-1 (42) Georgiev,S-Okov,M (1978) Sofia 2013}) 10... Bg4 11. Rde1 Bxf3 12. gxf3 e6 13. Rhg1 Bf6 14. Rg4 a6 15. f4 O-O-O 16. Bc3 Bxc3 17. bxc3 Rdg8 18. Reg1 Rxg4 19. Rxg4 h6 20. Rg7 Nd8 21. f5 Kd7 22. f6 Kd6 23. f4 h5 24. f5 exf5 25. Rg5 f4 26. a4 Rh6 27. Rf5 Ke6 28. Rxc5 Kxf6 29. Rf5+ Ke7 30. h4 Rf6 31. Rxh5 f3 32. Rf5 f2 $2 ({Better is} 32... Rxf5 $17 33. Bxf5 f2) 33. Rxf6 Kxf6 34. Kd2 f1=Q 35. Bxf1 Kf5 36. Be2 a5 37. Kd3 Ne6 38. Kc4 b6 39. Kb5 Nc5 40. Bh5 Ke6 41. c4 f5 $18 42. Bf3 f4 43. Kxb6 Nxa4+ 44. Kxa5 Nc5 45. Kb4 Kd6 46. h5 1-0

[Event "Hector S Nazzari Memorial 2019"]
[Site "Montevideo"]
[Date "2019.10.19"]
[Round "6.10"]
[White "Avedisian, Alexander"]
[Black "Granara Barreto, Sebastian"]
[Result "0-1"]
[ECO "A00"]
[WhiteElo "1877"]
[BlackElo "2134"]
[Annotator "RC"]
[PlyCount "68"]
[EventDate "2019.10.14"]
[EventType "swiss"]
[EventCountry "URU"]
[SourceTitle "playchess.com"]
[Source "ChessBase"]
[SourceQuality "1"]
[TimeControl "5400+30"]

1. g3 e5 2. c4 Nf6 3. Bg2 d5 4. cxd5 Nxd5 5. Nc3 Nb6 6. a3 Be7 7. Nh3 Nc6 8. O-O Be6 9. d3 h6 10. f4 Qd7 11. Nf2 O-O-O 12. b4 exf4 13. Bxf4 g5 14. Be3 f5 15. Bxb6 cxb6 16. Qa4 Kb8 17. Rac1 Nd4 18. Qd1 g4 19. e3 Bb3 20. Qe1 Nf3+ 21. Bxf3 gxf3 22. Nb1 Bg5 23. Rc3 Bd5 24. Nh3 f4 25. Nxg5 hxg5 26. e4 Rxh2 27. Rf2 fxg3 28. Rxh2 gxh2+ 29. Kh1 Qg4 30. Rc2 f2 31. Qxf2 Bxe4+ 32. dxe4 Rd1+ 33. Kxh2 Qh5+ 34. Kg3 Rd3+ 0-1

[Event "Hector S Nazzari Memorial 2019"]
[Site "Montevideo"]
[Date "2019.10.19"]
[Round "6.12"]
[White "Belistri, Ubaldo"]
[Black "Soto, Nicolas"]
[Result "1/2-1/2"]
[ECO "A12"]
[WhiteElo "1853"]
[BlackElo "2013"]
[Annotator "NA RC"]
[PlyCount "84"]
[EventDate "2019.10.14"]
[EventType "swiss"]
[EventCountry "URU"]
[SourceTitle "playchess.com"]
[Source "ChessBase"]
[SourceQuality "1"]
[TimeControl "5400+30"]

1. Nf3 d5 2. c4 c6 3. b3 Bf5 4. Bb2 Nd7 5. g3 Ngf6 6. Bg2 h6 7. O-O e6 8. d3 Be7 9. Nbd2 O-O 10. Rc1 Qa5 {[%emt 0:07:42] A12: English Opening: 1...c6 with b3 by White} (10... a5 11. a3 Bg6 12. Rc2 b5 13. Nd4 Qb6 14. cxb5 c5 15. Nc6 Bd6 16. a4 Rfe8 17. e4 Qc7 18. Qe2 Bh5 19. Bf3 Bxf3 20. Nxf3 {1-0 (43) Howell,D (2676)-Krishna,C (2421) London 2017}) 11. a3 Qb6 $146 ({Predecessor:} 11... Rfc8 12. Qc2 Qd8 13. Qb1 a5 14. Qa1 Bg6 15. Rfe1 Bh7 16. Ne5 Nxe5 17. Bxe5 Qf8 18. Bb2 {½-½ (53) Vukovic,I (2034)-Mrkonjic,N (2345) Bosnjaci 2018}) 12. Qc2 Rfd8 13. h3 Bh7 14. Qc3 Nh5 15. Kh2 Bf6 16. Qc2 Bxb2 17. Qxb2 Rac8 18. Qc3 Nhf6 19. b4 a6 20. e3 Re8 21. c5 Qc7 22. d4 e5 23. Nxe5 Nxe5 24. dxe5 Qxe5 25. Qxe5 Rxe5 26. Nf3 Re7 27. Nd4 Rce8 28. Rc3 Ne4 29. Bxe4 Rxe4 30. a4 g5 31. b5 axb5 32. axb5 cxb5 33. Nxb5 Rb4 34. Nd4 Ra8 35. Kg1 Rc4 36. Rfc1 Be4 37. f3 Bd3 38. g4 Rc8 39. Nb3 Rxc3 40. Rxc3 Bc4 $11 41. Kf2 Ra8 42. Nd4 Ra2+ 1/2-1/2

[Event "Hector S Nazzari Memorial 2019"]
[Site "Montevideo"]
[Date "2019.10.20"]
[Round "7.10"]
[White "Bustelo, Tabare"]
[Black "Belistri, Ubaldo"]
[Result "1/2-1/2"]
[ECO "B10"]
[WhiteElo "2054"]
[BlackElo "1853"]
[Annotator "NA RC"]
[PlyCount "82"]
[EventDate "2019.10.14"]
[EventType "swiss"]
[EventCountry "URU"]
[SourceTitle "playchess.com"]
[Source "ChessBase"]
[SourceQuality "1"]
[TimeControl "5400+30"]

1. e4 c6 2. c4 d5 3. cxd5 cxd5 4. exd5 Nf6 5. Nc3 Nxd5 6. Nf3 Nc6 7. Bc4 e6 8. O-O Be7 9. d4 O-O 10. Re1 Nxc3 11. bxc3 Bf6 12. Bf4 Bd7 $146 {[%emt 0:05:59] D41: Queen's Gambit Declined: Semi-Tarrasch with 5 cxd5} ({Predecessor:} 12... Ne7 13. Bd3 Bd7 14. Ne5 Bxe5 15. Bxe5 Ng6 16. Qh5 Qa5 17. Re3 f5 18. Bd6 Qxc3 19. Rd1 Qxd4 20. Bb5 Qxe3 21. fxe3 Bxb5 22. Bxf8 Rxf8 23. Rd6 f4 24. Qxb5 {1-0 (24) Christensen,B (2251)-Becker,M (2365) Odense 2012}) 13. Rb1 Na5 14. Bd3 Rc8 15. Qc2 g6 16. Ne5 Qe7 17. Nxd7 Qxd7 18. Bb5 (18. Qb2 $11 {keeps the balance.}) 18... Qxd4 $1 {[%emt 0:03:16] Double Attack, Pin} 19. Qxg6+ hxg6 ({Much worse is} 19... fxg6 20. cxd4 Bxd4 21. Bg3 $15) 20. cxd4 Bxd4 21. Red1 e5 22. Bg5 f6 ({Black should try} 22... Rc2 $17 23. Rd2 Rfc8) 23. Bd2 Nc4 24. Bb4 {[%emt 0:05:20] [#]} Rf7 $1 25. Rbc1 Rfc7 26. Ba4 Kg7 27. Bb3 Nb2 28. Rxc7+ Rxc7 29. Rb1 b6 {[%emt 0:02:34] Decoy} 30. Kf1 a5 31. Ba3 Nd3 32. f3 b5 33. Rd1 Nc5 34. Bxc5 Rxc5 35. Rd2 Kf8 (35... a4 $142 36. Bc2 Rc3) 36. Ke2 Ke7 37. h4 f5 38. g4 a4 39. Bd1 fxg4 40. fxg4 Kf6 41. Rd3 g5 1/2-1/2

[Event "Hector S Nazzari Memorial 2019"]
[Site "Montevideo"]
[Date "2019.10.20"]
[Round "7.11"]
[White "Genta, Alejandro"]
[Black "Rodriguez Farias, Eduardo"]
[Result "0-1"]
[ECO "A58"]
[WhiteElo "2036"]
[BlackElo "1931"]
[Annotator "NA RC"]
[PlyCount "96"]
[EventDate "2019.10.14"]
[EventType "swiss"]
[EventCountry "URU"]
[SourceTitle "playchess.com"]
[Source "ChessBase"]
[SourceQuality "1"]
[TimeControl "5400+30"]

1. d4 Nf6 2. c4 c5 3. d5 b5 4. cxb5 a6 5. bxa6 g6 6. Nc3 {[%emt 0:00:07] A58: Benko/Volga Gambit: Lines with 5 bxa6} Bg7 7. e4 O-O 8. Nf3 (8. e5 Ne8 9. h4 Bxe5 10. Bh6 Bxa6 11. h5 Ng7 12. Nf3 Bxc3+ 13. bxc3 Bxf1 14. Kxf1 {1-0 (22) So,W (2780)-Duda,J (2737) chess.com INT 2018}) 8... Qa5 9. Bd2 Bxa6 10. Be2 d6 11. O-O Bxe2 12. Qxe2 Qa6 13. Rfe1 Nbd7 14. h3 $146 Rfb8 15. Rab1 Nb6 16. b4 Qxe2 17. Rxe2 cxb4 (17... Nbd7 $15 18. b5 Ne8) 18. Rxb4 Nfd7 19. Nd4 Na4 20. Ncb5 Nac5 21. Nc6 {[%emt 0:05:26] Double Attack} Rb7 22. Bg5 Nf6 23. f3 Kf8 24. Be3 Nfd7 25. Bd4 Bh6 26. Nc3 Rc7 27. Rb5 Na4 28. Nd1 Ke8 29. g3 e5 30. Be3 Bxe3+ 31. Rxe3 Nac5 32. a3 f5 33. Nf2 Ra4 34. Rb4 Ra6 35. g4 f4 36. Rc3 Rc8 37. g5 Rca8 38. Ng4 Rxa3 39. Rxa3 Rxa3 40. Nf6+ Nxf6 41. gxf6 Rxf3 42. Nd8 Nd7 $2 (42... Kxd8 $19 43. Rb8+ {[#]} Kc7 $1 ) 43. Rb7 $2 (43. Nb7 $17 Nxf6 44. Nxd6+ Ke7 45. Nc4) 43... Kxd8 44. f7 Nf8 45. Rb8+ Ke7 46. Rb7+ Kf6 $19 47. Rb6 Kxf7 48. Rb5 Ke7 0-1

[Event "Hector S Nazzari Memorial 2019"]
[Site "Montevideo"]
[Date "2019.10.20"]
[Round "7.12"]
[White "Ramos Correa, Gabriel"]
[Black "Avedisian, Alexander"]
[Result "0-1"]
[ECO "A45"]
[WhiteElo "1889"]
[BlackElo "1877"]
[Annotator "NA RC"]
[PlyCount "66"]
[EventDate "2019.10.14"]
[EventType "swiss"]
[EventCountry "URU"]
[SourceTitle "playchess.com"]
[Source "ChessBase"]
[SourceQuality "1"]
[TimeControl "5400+30"]

1. d4 Nf6 2. Bg5 Ne4 3. Bf4 c5 4. d5 Qa5+ (4... Qb6 5. Bc1 e6 6. f3 Nd6 7. Nc3 Be7 8. e4 Bf6 9. Nge2 c4 10. Nf4 O-O 11. Qe2 Be5 12. Nd1 f5 13. dxe6 fxe4 {0-1 (25) Salgado Lopez,I (2629)-Adly,A (2626) St Petersburg 2018}) 5. Nd2 g6 6. c3 {[%emt 0:03:34] A45: Trompowsky Attack} Nxd2 7. Qxd2 Bg7 $146 ({Predecessor:} 7... d6 8. e4 Nd7 9. Nf3 Bg7 10. Bh6 Bxh6 11. Qxh6 Nf6 12. Bd3 {1-0 (74) Schebler,G (2500)-Kaufeld,J (2265) Duisburg 2005}) 8. Nf3 d6 9. e4 O-O 10. Bh6 Bg4 11. Be2 Bxf3 12. Bxf3 Nd7 13. O-O c4 14. Bxg7 Kxg7 15. Qd4+ f6 16. Qxc4 Ne5 17. Qe2 Qb6 18. b3 f5 (18... a5 $14) 19. exf5 Rxf5 {[%emt 0:00:44] [#]} 20. Be4 $1 Rf6 21. Kh1 Raf8 22. f3 h5 23. h3 g5 24. Qd2 Nf7 25. Bc2 Rh8 26. Rae1 Kf8 27. f4 g4 28. h4 g3 $18 29. Qe2 Qd8 30. Rf3 Rg8 31. Re3 e5 32. dxe6 Rxe6 33. Rxe6 Qxh4+ 0-1